 Dungeon Sprint DCSS version 0.30.1-11-g7821555f0a (webtiles) character file.

Game seed: 4598217867261914006

12 DiggyJ the Cudgeller (level 2, -11/46 HPs)
             Began as an Ogre Gladiator on Jan 9, 2024.
             Mangled by an ogre
             ... wielding a +0 giant club
              (34 damage)
             ... in the Dungeon (Sprint IX: "|||||||||||||||||||||||||||||").
             The game lasted 00:00:10 (43 turns).

DiggyJ the Cudgeller (Ogre Gladiator)                 Turns: 43, Time: 00:00:10

Health: -11/46     AC:  3    Str: 17    XL:     2   Next: 33%
Magic:  2/2        EV: 10    Int:  9    God:
Gold:   0          SH:  0    Dex: 10    Spells: 1/1 levels left

rFire   . . .        a - +0 flail
rCold   . . .        (no shield)
rNeg    . . .        b - +0 robe
rPois   .            c - +0 hat
rElec   .            (no cloak)
rCorr   .            (gloves unavailable)
SInv    .            (boots unavailable)
Will    .....        (no amulet) Stlth
                     (no ring)
HPRegen 0.27/turn    (no ring)
MPRegen 0.08/turn

%: no teleportation
@: berserking, very quick
A: large, unfitting armour, tough skin 1
a: no special abilities


You were in the Dungeon.
You visited 1 branch

Inventory:

Hand Weapons
 a - a +0 flail (weapon)
Missiles
 d - 3 throwing nets (quivered)
 e - a large rock
Armour
 b - a +0 robe (worn)
 c - a +0 hat (worn)
Scrolls
 k - a scroll of blinking
Potions
 f - a potion of curing
 g - a potion of heal wounds
 h - a potion of haste
 i - 2 potions of magic


   Skills:
 + Level 3.3 Fighting
 + Level 3.7 Maces & Flails
 + Level 2.4 Throwing
 + Level 3.7 Dodging


You had one spell level left.
You didn't know any spells.
Your spell library was empty.

Dungeon Overview and Level Annotations

Branches:
Dungeon (1/1)

Altars:


Innate Abilities, Weirdness & Mutations

You are too large for most types of armour.
You have tough skin. (AC +1)


Message History

You kill the ball python!
You hit the endoplasm but do no damage. The endoplasm closely misses you.
You hit the endoplasm.
You kill the endoplasm!
You have reached level 2!
There is an open door to the Dungeon here.
Things that are here:
a +0 dagger; a hobgoblin corpse
There is an open door to the Dungeon here.
Things that are here:
a +0 dagger; a hobgoblin corpse
There is a staircase leading out of the dungeon here.
There is an open door to the Dungeon here.
Things that are here:
a +0 dagger; a hobgoblin corpse As you open the door, it creaks loudly!
An ogre, a jelly, an orc wizard and 2 ufetubi come into view.
The orc wizard is wielding a +2 dagger of holy wrath.
The ogre shouts!
The jelly quivers.
The ufetubus hits you but does no damage.
The ufetubus barely misses you.
A red film seems to cover your vision as you go berserk!
You feel yourself moving faster!
You feel mighty! The ufetubus hits you. x2
The orc wizard casts a spell.
The orc wizard flickers and vanishes!
Deactivating autopickup; reactivate with Ctrl-A.
You miss the ufetubus. The ufetubus hits you. x2
You closely miss the ufetubus. The ufetubus hits you.
The ufetubus barely misses you.
You barely miss the ufetubus. The ufetubus misses you. The ufetubus hits you.
You sock the ufetubus!
You kill the ufetubus!
You thump the ogre!
The ogre is severely wounded.
You hit the ogre.
The ogre is almost dead.
The ogre hits you with a +0 giant club!!
Ouch! That really hurt!
You die...

▓.▓
▓.▓
▓.▓
▓)▓
▓.▓
▓.▓
▓.▓
▓.▓
▓@▓
▓O▓
▓J▓
▓.▓
▓.▓
▓5▓
▓.▓
▓+▓


You could see an ogre, a jelly and an ufetubus.

Vanquished Creatures
  An ufetubus (D)
  2 ball pythons (D)
  An endoplasm (D)
  A goblin (D)
  A hobgoblin (D)
6 creatures vanquished.

Notes
Turn   | Place    | Note
-------+----------+-------------------------------------------
     0 | D        | DiggyJ the Ogre Gladiator began the quest for the Orb.
     0 | D        | Reached XP level 1. HP: 22/22 MP: 1/1
    20 | D        | Reached XP level 2. HP: 22/31 MP: 2/2
    36 | D        | Noticed an ogre
    43 | D        | Mangled by an ogre

Illustrated notes

Levels and vault maps discovered:
D:        linesprint [early_d, line_temple, items_1, d_10, items_2, lair_1,
          lair_end, items_3, orc_1, orc_end, items_4, d_15, swamp_1, shoals_1,
          snake_1, spider_1, d_20, vaults_1, items_5, swamp_end, shoals_end,
          snake_end, spider_end, vaults_end, d_27, items_6, zot_1, zot_end,
          crypt_end, forest_end, elf_end, slime_end, tomb_end, abyss_end,
          pan_hell_end]

Skill      XL: |  1 |
---------------+----+-----
Maces & Flails | 3 |  3.7
Dodging        | 3 |  3.7
Fighting       | 3 |  3.3
Throwing       | |  2.4

Action                     || total
---------------------------++-------
  Melee: Flail             ||    22
    Use: Potion            ||     1
 Armour: Robe              ||     5
  Dodge: Dodged            ||     8
